Mecha, lawful male human Samurai --- ------------- --.-- ........*)...| |...--- .....--------.--- |.....| -.....| |.*.------...-- -.....| -----..<........| .-...-- |...||....----..-- |....>| --...--....-- ---- -....-| --........|...| ....r.--|....--------.--- ..--.@.##..|.--- |.).| . --..-----|...| ---.--- ----- ....--- |...| |...|--.|.-- ...-- ---..-- ------.--.....| .. |...-| -- |..| |.......-- ---....--.--|..---.......| |..........--.....)--..--- |.................------ --........^..---..| ---.|.|.--..| ---- ---------- Mecha the Ninja Experience level: 8 Strength: 18 Dexterity: 16 Constitution: 18 Intelligence: 10 Wisdom: 9 Charisma: 8 Health: 92(92) Energy: 31(31) Def: 17 Gold: 413 Moves: 5634 Dungeon seed: KZzPHmxsd13UKI7q Game ID: Mecha_1478253128 Your Inventory: Coins $ - 413 gold pieces Weapons a - a +0 katana (weapon in hand) c - a +0 yumi d - 10 +0 ya (in quiver) A - 11 +0 elven arrows C - a blessed +0 elven short sword (alternate weapon; not wielded) Armor e - a blessed greased +2 gray dragon scale mail (being worn) n - an uncursed +0 elven leather helm (being worn) r - an uncursed +0 Hawaiian shirt (being worn) z - an uncursed +3 pair of iron shoes (being worn) J - an uncursed +0 cloak of invisibility Comestibles h - 2 uncursed tripe rations m - 2 uncursed gunyoki Scrolls G - a cursed scroll of enchant armor I - a cursed scroll of teleportation Z - 2 uncursed scrolls of teleportation Potions o - an uncursed potion of speed Wands i - a wand of striking (0:6) K - a wand of create monster (0:0) Q - a wand of digging (0:4) Tools g - an uncursed tin whistle k - an uncursed skeleton key p - a +0 pick-axe w - a blessed partly used wax candle (0:244) y - an uncursed mirror N - an uncursed tallow candle (0:200) S - a cursed magic lamp (lit) V - a +0 unicorn horn Gems q - an uncursed worthless piece of white glass Spells and supernatural/magical abilities: Name Level Category Fail Memory U - detect unseen 3 divination 100% 83% W - pray for help -- divine ? -- Your skills at the end: Fighting Skills martial arts [Basic] two weapon combat [Basic] Weapon Skills short sword [Basic] long sword [Expert] bow [Basic] Spellcasting Skills Final Attributes: You were piously aligned. You were magic-protected. You were telepathic. You were fast. You were very lucky. You are dead. Vanquished creatures: a giant mimic 2 small mimics a large cat a chameleon a giant beetle a quivering blob a leprechaun a horse a gnome king a Green-elf a dingo a housecat a jaguar a blue jelly a black unicorn a dust vortex a gnome mummy an ape a mountain nymph 8 Uruk-hai a rock piercer 2 rock moles a pony a fog cloud a yellow light 2 shriekers a violet fungus 8 gnome lords 5 gnomish wizards a black naga hatchling a barrow wight a little dog a floating eye 2 kittens 5 dwarves a homunculus a kobold lord a kobold shaman 3 hill orcs 3 rothes a rabid rat a centipede a giant bat 2 wererats 8 killer bees an acid blob 3 hobbits 22 manes a large kobold 2 hobgoblins 3 giant rats 2 cave spiders 37 gnomes a gnome zombie 3 geckos 6 jackals 2 foxes 2 kobolds 6 goblins 2 sewer rats 4 grid bugs 4 lichens 8 newts 192 creatures vanquished. Voluntary challenges: You had been an atheist until turn 2247. You used a wielded weapon 276 times, starting on turn 13. You read items or engraved 15 times, starting on turn 2031. You never genocided any monsters. You never polymorphed an object. You never changed form. You used 1 wish, starting on turn 3726. You did not wish for any artifacts. You never split a pudding. You wrote Elbereth's name 2 times, starting on turn 3174. You violated your moral code, losing 119 points of alignment, starting on turn 681. Dungeon overview: The Dungeons of Doom: levels 1 to 3 Level 1 a long staircase Level 2 some fountains stairs to The Gnomish Mines Level 3 an armor shop The Gnomish Mines: levels 3 to 7 Level 3 stairs to The Dungeons of Doom Level 4 Level 5 Level 6 (temp stash - candles, gems) many shops, a temple to Amaterasu Omikami, some fountains Level 7 <- You were here History has recorded: On T:1 you entered the Dungeons of Doom to retrieve the Amulet of Yendor! On T:238 you advanced to experience level 2. On T:412 you advanced to experience level 3. On T:496 you reached level 2 of The Dungeons of Doom. On T:835 you reached level 1 of The Gnomish Mines. On T:846 you advanced to experience level 4. On T:900 you advanced to experience level 5. On T:1197 you reached level 2 of The Gnomish Mines. On T:1301 you advanced to experience level 6. On T:1747 you reached level 3 of The Gnomish Mines. On T:2089 you reached level 4 of The Gnomish Mines. On T:2238 you advanced to experience level 7. On T:3726 you wished for "blessed greased +2 gray dragon scale mail". On T:3968 you reached level 3 of The Dungeons of Doom. On T:4442 you advanced to experience level 8. On T:5359 you reached level 5 of The Gnomish Mines. Score breakdown: Gold: 413 ( 8902 points) Experience: 8 levels (14739 points) Exploration: 7 levels ( 15.22%) (10954 points) Discoveries: 20 items ( 8.13%) ( 8553 points) Valuables value: (no points given unless you survive) Artifact value: 0 ( 0 points) Variety of kills: 63 monsters ( 16.54%) (12199 points) Turncount: 5634 turns (-1530 points) Survival: died (score multiplied by 80%) Total score: 43053 Latest messages: There are a few objects here. N - a tallow candle. You see here a white gem. q - a white gem. You hit the fog cloud! You destroy the fog cloud! You are caught in a magical explosion! Your body absorbs some of the magical energy! You are now wielding your pick-axe. You start digging. You hit the rock with all your might. You make an opening in the wall. You start digging. You hit the rock with all your might. You make an opening in the wall. The rabid rat misses. You are now wielding your katana. The rabid rat bites! The rabid rat's bite was poisoned! The poison was deadly... Final status: Sayonara Mecha the Samurai, poisoned by a rabid rat... You were poisoned in The Gnomish Mines on dungeon level 7 with 43053 points, and 413 pieces of gold, after 5634 moves. You were level 8 with a maximum of 92 hit points when you were poisoned.